 Seeded DCSS version 0.29.1-15-g9cfb28693d (webtiles) character file.

Game seed: 17154086409001468666 (custom seed)

118085 tkbsonic5 the Schismatic (level 16, -12/131 HPs)
             Began as a Demonspawn Abyssal Knight on Apr 1, 2023.
             Was an Elder of Lugonu.
             Mangled by a naga warrior
             ... wielding a +0 trident
              (26 damage)
             ... on level 4 of the Snake Pit on Apr 18, 2023.
             The game lasted 03:10:33 (26970 turns).

tkbsonic5 the Schismatic (DsAK)                    Turns: 26970, Time: 03:10:33

Health: -12/131    AC: 28    Str: 20    XL:     16   Next: 24%
Magic:  25/26      EV: 11    Int: 10    God:    Lugonu [****..]
Gold:   827        SH: 16    Dex: 20    Spells: 13/21 levels left

rFire   + + .      SeeInvis +   i - +8 long sword of Impatience {spect, rElec rPois Int-3 SInv, GodKillTheKing}
rCold   + . .      Faith    .   U - +1 tower shield {rF+}
rNeg    . . .      Spirit   .   S - +6 plate armour
rPois   +          Reflect  .   e - +2 hat {Abysswalker Nou Mou}
rElec   +          Harm     .   r - scarf {rC+ rF+} {Delver's Scarf}
rCorr   .          Rampage  .   p - +2 pair of gloves
Will    ++...                   k - +2 pair of boots
Stlth   +.........              m - amulet of regeneration
HPRegen 1.11/turn               I - ring of willpower
MPRegen 0.20/turn               J - +4 ring of evasion

@: about to teleport, weakened, on berserk cooldown, hasted and slowed, studying
Ice Magic
A: thin skeletal structure 3, spiny 2, demonic magic 3, weakness stinger 2
a: Renounce Religion, Depart the Abyss, Bend Space, Banish, Corrupt


You were on level 4 of the Snake Pit.
You worshipped Lugonu.
Lugonu was greatly pleased with you.
You visited 3 branches of the dungeon, and saw 24 of its levels.
You visited the Abyss 1 time.

You collected 2117 gold pieces.
You spent 1290 gold pieces at shops.

Inventory:

Hand Weapons
 i - the +8 long sword of Impatience (weapon) {spect, rElec rPois Int-3 SInv, GodKillTheKing}
   (You found it on level 11 of the Dungeon)

   When its wielder attacks, the weapon's spirit leaps out and strikes again.
   The spirit shares a part of any damage it takes with its wielder.
   Int:       It affects your intelligence (-3).
   rElec:     It insulates you from electricity.
   rPois:     It protects you from poison.
   SInv:      It lets you see invisible.
 y - the +9 battleaxe "Ciytaboj" {vorpal, Int+3}
   (You bought it in a shop on level 3 of the Snake Pit)

   It inflicts extra damage upon your enemies.
   Int:       It affects your intelligence (+3).
 K - the +9 mace "Fyackoum" {protect, rPois}
   (You found it on level 4 of the Snake Pit)

   It grants its wielder temporary protection when it strikes (+7 to AC).
   rPois:     It protects you from poison.
 L - a +2 vampiric glaive
Missiles
 o - a silver javelin {Corruption Spam Test}
 z - 5 boomerangs (quivered) {Neutered Fruit}
 R - 7 poisoned darts
Armour
 e - a +2 hat (worn) {Abysswalker Nou Mou}
 k - a +2 pair of boots (worn)
 p - a +2 pair of gloves (worn)
 r - a scarf of resistance (worn) {Delver's Scarf}
 s - a +1 kite shield of protection
 v - an orb of mayhem
 D - a +0 cloak
 S - a +6 plate armour (worn)
 U - a +1 tower shield of fire resistance (worn)
Jewellery
 d - a +4 ring of evasion
 f - a ring of positive energy
 j - a ring of wizardry
 l - a ring of resist corrosion
 m - an amulet of regeneration (around neck)
 q - a ring of willpower
 B - a +6 ring of dexterity
 C - a ring of flight
 I - a ring of willpower (left hand)
 J - a +4 ring of evasion (right hand)
 V - an amulet of reflection
 X - a ring of poison resistance
Wands
 n - a wand of mindburst (3)
 u - a wand of charming (3)
 N - a wand of polymorph (6)
 O - a wand of digging (2)
Scrolls
 F - 4 scrolls of silence
 G - 8 scrolls of identify
 H - 2 scrolls of teleportation
 M - a scroll of blinking
 P - 4 scrolls of amnesia
 Q - a scroll of enchant weapon
 Y - a scroll of magic mapping
Potions
 a - a potion of resistance
 b - a potion of ambrosia
 c - 3 potions of magic
 g - 2 potions of cancellation
 t - 10 potions of curing
 x - a potion of mutation
 E - 2 potions of heal wounds
 T - 5 potions of flight
 W - 2 potions of attraction
Miscellaneous
 w - a tin of tremorstones (2/2) {Scarlet Letter}


   Skills:
 * Level 13.3 Fighting
 - Level 0.8(7.0) Short Blades
 * Level 11.1 Long Blades
 + Level 5.1 Axes
 - Level 5.7 Ranged Weapons
 - Level 6.4 Throwing
 + Level 9.1 Armour
 + Level 7.8 Dodging
 - Level 0.8 Stealth
 * Level 5.6 Shields
 - Level 3.1 Spellcasting
 - Level 3.3 Conjurations
 - Level 5.1 Air Magic
 + Level 14.4 Invocations
 - Level 10.1 Evocations


You had 13 spell levels left.
You knew the following spells:

 Your Spells              Type           Power      Damage    Failure   Level
a - Shock                 Conj/Air       40%        1d5       100%        1
b - Swiftness             Air            11%        N/A       100%        3
c - Airstrike             Air            5%         2d(1-17)  100%        4

Your spell library contained the following spells:

 Spells                   Type           Power      Damage    Failure   Level
 Magic Dart               Conj           32%        1d4       100%        1
 Necrotise                Necr           4%         1d4       100%        1
 Call Imp                 Summ           1%         N/A       100%        2
 Frozen Ramparts          Ice            2%         1d1       100%        3
 Gell's Gravitas          Tloc           1%         N/A       100%        3
 Lesser Beckoning         Tloc           1%         N/A       100%        3
 Mephitic Cloud           Conj/Pois/Air  7%         N/A       100%        3
 Ozocubu's Armour         Ice            1%         N/A       100%        3
 Teleport Other           Tloc           1%         N/A       100%        3
 Vampiric Draining        Necr           1%         2d6       100%        3
 Cause Fear               Hex            0%         N/A       100%        4
 Ice Form                 Ice/Tmut       1%         N/A       100%        4
 Summon Ice Beast         Ice/Summ       1%         N/A       100%        4
 Summon Lightning Spire   Summ/Air       6%         N/A       100%        4
 Agony                    Necr           1%         N/A       100%        5
 Fireball                 Conj/Fire      2%         3d4       100%        5
 Lightning Bolt           Conj/Air       5%         1d17      100%        5
 Summon Forest            Summ/Tloc      0%         N/A       100%        5
 Summon Mana Viper        Hex/Summ       1%         N/A       100%        5
 Dispersal                Tloc           0%         N/A       100%        6
 Starburst                Conj/Fire      2%         6d3       100%        6
 Dragon Form              Tmut           0%         N/A       100%        7
 Malign Gateway           Summ/Tloc      0%         N/A       100%        7
 Monstrous Menagerie      Summ           0%         N/A       100%        7
 Ozocubu's Refrigeration  Ice            0%         4d7       100%        7
 Disjunction              Tloc           0%         N/A       100%        8
 Ignition                 Fire           0%         3d3       100%        8
 Summon Horrible Things   Summ           0%         N/A       100%        8
 Dragon's Call            Summ           0%         N/A       100%        9


Dungeon Overview and Level Annotations

Branches:
Dungeon (15/15)            Temple (0/1) D:5            Lair (5/5) D:11
 Shoals (0/4) Lair:2        Snake (4/4) Lair:2        Slime (0/5) Lair:5
    Orc (0/2) D:9          Vaults (0/5) D:13         Depths (0/4) D:15

Altars:
Ashenzari
Kikubaaqudgha
Makhleb
Qazlal
Sif Muna
Trog
Jiyva

Shops:
D:1 [   D:6 !   D:12 !(   Snake:3 (

Portals:
Trove: D:15 (give 12 potions of heal wounds)

Annotations:
D:7 corrupted
D:11 corrupted
D:14 6 transporters
Lair:1 2 transporters
Lair:4 corrupted
Snake:1 corrupted
Snake:2 corrupted
Snake:4 corrupted
Abyss:1 Amaemon, Azrael, Edmund, Gastronok, Maggie, Nergalle, Psyche


Innate Abilities, Weirdness & Mutations

You have an unnaturally thin skeletal structure. (Dex +6, Stealth+++)
You are mostly covered in sharp spines.
Spells you cast and wands you use may paralyse nearby enemies.
You have a tail ending in a sharp stinger.


Message History

You feel yourself slow down.
The salamander is struck by your spines.
The salamander hits you with a +0 halberd!
* * * LOW HITPOINT WARNING * * *
You are engulfed in flames.
You resist.
* * * LOW HITPOINT WARNING * * *
The naga warrior spits poison at you. The splash of poison misses you.
Blink to where?
Press: ? - help, Dir - move target
As you read the scroll of blinking, it crumbles to dust.
The salamander mystic no longer looks unusually strong.
The guardian serpent coils itself and waves its upper body at you.
You resist with almost no effort.
You feel much better.
The guardian serpent coils itself and waves its upper body at you.
The salamander blinks!
The salamander mystic blinks!
The naga warrior blinks!
The salamander blinks!
Okay, then.
Space bends violently around you!
You blink.
The naga warrior spits poison at you.
The splash of poison hits you but does no damage.
You resist.
The salamander mystic gestures at the salamander while chanting.
The salamander seems to speed up.
The salamander tyrant calls gouts of flame from the lava!
The flame surge hits you! You resist.
The guardian serpent coils itself and waves its upper body at you.
The naga warrior blinks!
The salamander mystic blinks!
The salamander tyrant blinks!
The salamander blinks! x2
The naga warrior blinks!
As you read the scroll of teleportation, it crumbles to dust.
You feel strangely unstable.
The salamander hits you with a +0 halberd!!
* * * LOW HITPOINT WARNING * * *
You are engulfed in flames.
You resist.
* * * LOW HITPOINT WARNING * * *
The naga warrior is struck by your spines.
The naga warrior hits you with a +0 trident!!
You die...

.......................#
.......................# .#.
.................#####.# ..#
....).......######. .### .#.#
........)...### #.###.# ...##
...........§.§###.....##.....#
.............§.#.......#......
...............N.N≈≈≈≈.'.....≈
..............§N@N§§≈≈.#...
....#.......#..NSN§§§≈.N...§§§
...##.......##.#...§...#.....§
...##.........###.....##.....#
...##.........###.###†# ...##
...##...........##§)N## .#.#
...##..÷.........##### ..#
'################# .#.
.######################


You could see 2 naga warriors, a salamander tyrant (strong), a salamander
mystic, 2 salamanders and a guardian serpent.

Vanquished Creatures
  Aizul (Snake:1)
  A stone giant (D:15)
  A salamander tyrant (Snake:4)
  A vault guard (D:13)
  A boulder beetle (D:14)
  3 death knights
  A catoblepas (D:14)
  5 anacondas
  A hydra (Lair:2)
  7 naga warriors
  3 death yaks (Lair:3)
  A two-headed ogre (D:13)
  5 tengu warriors
  4 naga sharpshooters
  8 shock serpents
  3 skeletal warriors (D:13)
  4 sea snakes (Snake:1)
  3 naga ritualists
  A salamander mystic (Snake:4)
  3 wizards (D:13)
  7 mana vipers
  A phantasmal warrior (D:14)
  22 ugly things
  4 cyclopes
  A manticore (Lair:2)
  8 salamanders
  An eye of devastation (D:15)
  4 guardian serpents
  8 elephants
  9 naga magi
  16 black mambas
  2 torpor snails
  12 cane toads
  6 komodo dragons
  An unseen horror (D:11)
  5 freezing wraiths
  A yaktaur (D:13)
  4 rime drakes
  A kobold demonologist (D:13)
  A guardian mummy (D:15)
  A tengu conjurer (D:15)
  3 trolls
  A wind drake (Lair:2)
  A polar bear (D:11)
  5 slime creatures
  5 blink frogs (Lair:5)
  Grinder (D:3)
  A hornet (D:8)
  Sigmund (D:4)
  6 wyverns
  9 wraiths
  39 yaks
  2 shadows
  2 vampires
  4 fire elementals (D:15)
  4 basilisks
  A golden eye (Lair:3)
  4 steam dragons
  16 humans (D:13)
  A death yak simulacrum (D:11)
  31 nagas
  8 water moccasins
  4 swamp drakes (Lair:5)
  6 orc warriors
  An ice beast (D:7)
  A black bear (D:5)
  A sky beast (D:6)
  A centaur (D:12)
  2 tengu
  5 ogres
  A gnoll sergeant (D:5)
  17 bullfrogs
  3 necrophages
  A scorpion (D:5)
  A two-headed ogre simulacrum (D:11)
  12 wights
  7 killer bees
  3 electric eels
  A hound (D:6)
  8 orc priests
  3 jellies
  Natasha (thrice) (D:4)
  4 iguanas
  12 orc wizards
  6 hell rats (Lair:1)
  16 adders
  A shadow imp (D:6)
  A white imp (D:7)
  5 worms
  A dart slug (D:1)
  45 orcs
  5 ball pythons
  9 endoplasms
  A giant cockroach (D:1)
  A goblin (D:2)
  9 hobgoblins
  9 jackals
  5 kobolds
  4 quokkas (D:1)
  10 bats
  5 frilled lizards
  5 rats
552 creatures vanquished.

Vanquished Creatures (collateral kills)
  Snorg (Lair:5)
  2 hydras (Lair:5)
  A vault guard (D:13)
  A death yak (Lair:5)
  4 ugly things (D:14)
  A cyclops (D:12)
  3 elephants (Lair:5)
  3 cane toads
  3 blink frogs (Lair:5)
  18 yaks
  2 humans (D:13)
  A steam dragon (D:8)
  A water moccasin (Lair:5)
  A kobold brigand (D:7)
  5 wights (D:8)
  A hound (D:6)
  An orc priest (D:8)
  An iguana (D:6)
  4 orcs (D:7)
  A hobgoblin (D:4)
  4 kobolds (D:7)
59 creatures vanquished.

Vanquished Creatures (others)
  Mlioglotl (Snake:2)
  Donald (Snake:1)
  4 nagarajas
  Louise (Snake:2)
  2 anacondas
  3 death yaks (Lair:4)
  2 two-headed ogres
  10 naga warriors
  A shock serpent (Snake:2)
  8 naga sharpshooters
  3 salamander mystics
  A bog body (D:11)
  6 naga ritualists
  Pikel (D:7)
  10 mana vipers
  6 salamanders
  2 guardian serpents
  11 black mambas
  6 naga magi
  2 rime drakes (D:11)
  2 komodo dragons
  A cane toad (Lair:2)
  2 anaconda simulacra (D:11)
  A blink frog (Lair:5)
  Prince Ribbit (D:7)
  2 polar bears (D:11)
  12 yaks
  A steam dragon (D:7)
  Grum (D:11)
  22 nagas
  A water moccasin (Lair:4)
  An ice beast (D:7)
  A sky beast (D:7)
  An ogre (D:7)
  5 wolves (D:11)
  2 lemures (D:7)
  2 kobold brigands (D:7)
  2 scorpions (D:7)
  A cane toad simulacrum (D:11)
  3 howler monkeys (D:7)
  2 hounds (D:7)
  2 orc priests (D:7)
  An iguana (D:7)
  An orc wizard (D:9)
  A troll simulacrum (D:11)
  A spriggan simulacrum (D:11)
  A white imp (D:7)
  7 orcs (D:7)
  A kobold (D:7)
  An orc zombie (D:9)
  A bush (Lair:5)
  7 foxfires (Snake:4)
  15 fungi
  44 plants
  38 starspawn tentacles
268 creatures vanquished.

Grand Total: 879 creatures vanquished

Notes
Turn   | Place    | Note
-------+----------+-------------------------------------------
     0 | Abyss:1  | tkbsonic5 the Demonspawn Abyssal Knight began the quest for
                  | the Orb.
     0 | Abyss:1  | Reached XP level 1. HP: 18/18 MP: 2/2
     5 | D:1      | Escaped the Abyss
    91 | D:1      | Found a faded altar of an unknown god.
   105 | D:1      | Reached skill level 1 in Dodging
   198 | D:1      | Found Vikkeff's Antique Armour Boutique.
   256 | D:1      | Gained mutation: You have a somewhat thin skeletal
                  | structure. (Dex +2, Stealth+) [demonic ancestry]
   256 | D:1      | Reached XP level 2. HP: 10/24 MP: 4/4
   840 | D:1      | Reached skill level 3 in Invocations
   878 | D:1      | Learned a level 1 spell: Shock
  1173 | D:1      | Gained mutation: You have a small tail. [demonic ancestry]
  1173 | D:1      | Reached XP level 3. HP: 18/29 MP: 5/5
  1304 | D:1      | Reached *** piety under Lugonu
  2502 | D:2      | Gained mutation: You have a moderately thin skeletal
                  | structure. (Dex +4, Stealth++) [demonic ancestry]
  2502 | D:2      | Reached XP level 4. HP: 24/35 MP: 1/6
  2865 | D:2      | Reached skill level 1 in Conjurations
  3032 | D:2      | Reached skill level 1 in Air Magic
  3512 | D:3      | Gained mutation: You are partially covered in sharp spines.
                  | [demonic ancestry]
  3512 | D:3      | Reached XP level 5. HP: 36/41 MP: 7/7
  3519 | D:3      | Reached skill level 1 in Spellcasting
  3557 | D:3      | Noticed Grinder
  3560 | D:3      | Identified a scroll of acquirement
  3560 | D:3      | Acquired a +2 sling of flaming
  3577 | D:3      | Paralysed by Grinder for 3 turns
  3580 | D:3      | Killed Grinder
  3581 | D:3      | Reached skill level 1 in Throwing
  3581 | D:3      | Gained mutation: Spells you cast may paralyse adjacent
                  | enemies. [demonic ancestry]
  3581 | D:3      | Reached XP level 6. HP: 48/48 MP: 4/8
  4408 | D:4      | Noticed Natasha
  4416 | D:4      | Killed Natasha
  4417 | D:4      | Reached skill level 4 in Invocations
  4512 | D:4      | Reached **** piety under Lugonu
  4513 | D:4      | Reached XP level 7. HP: 45/51 MP: 1/10
  4819 | D:4      | Noticed Natasha
  4824 | D:4      | Killed Natasha
  4834 | D:4      | Noticed Natasha
  4839 | D:4      | Killed Natasha
  4990 | D:4      | Noticed Sigmund
  5002 | D:4      | Killed Sigmund
  5003 | D:4      | Reached skill level 1 in Ranged Weapons
  5582 | D:4      | Learned a level 3 spell: Swiftness
  5634 | D:5      | Entered Level 5 of the Dungeon
  5655 | D:5      | Found a staircase to the Ecumenical Temple.
  5913 | D:5      | Reached XP level 8. HP: 61/61 MP: 10/12
  5941 | D:5      | Reached skill level 1 in Evocations
  6129 | D:5      | Found a stormy altar of Qazlal.
  6247 | D:5      | Reached skill level 5 in Invocations
  6325 | D:5      | Reached skill level 5 in Fighting
  6783 | D:6      | Reached skill level 1 in Long Blades
  6805 | D:6      | Reached skill level 6 in Invocations
  6876 | D:6      | Found Onutije's Distillery.
  6883 | D:6      | Bought a potion of heal wounds for 65 gold pieces
  6883 | D:6      | Bought a potion of curing for 39 gold pieces
  6883 | D:6      | Bought a potion of haste for 130 gold pieces
  6971 | D:6      | Reached XP level 9. HP: 68/68 MP: 13/13
  6985 | D:6      | Noticed Edmund
  7018 | D:5      | Reached ***** piety under Lugonu
  7018 | D:5      | Banished Edmund
  7343 | D:7      | Noticed a two-headed ogre
  7346 | D:7      | Reached skill level 7 in Invocations
  7360 | D:7      | Corrupted D:7
  7360 | D:7      | Noticed a thrashing horror
  7360 | D:7      | Noticed an efreet
  7360 | D:7      | Noticed an Executioner
  7360 | D:7      | Noticed an orange demon
  7360 | D:7      | Noticed a large abomination
  7361 | D:7      | Noticed a thrashing horror
  7361 | D:7      | Noticed a tentacled starspawn
  7361 | D:7      | Noticed a large abomination
  7361 | D:7      | Noticed a thrashing horror
  7362 | D:7      | Noticed a starcursed mass
  7362 | D:7      | Noticed an efreet
  7362 | D:7      | Noticed a bone dragon
  7363 | D:7      | Noticed a smoke demon
  7364 | D:7      | Killed a two-headed ogre
  7383 | D:7      | Noticed an apocalypse crab
  7384 | D:7      | Noticed a sixfirhy
  7389 | D:7      | Noticed a smoke demon
  7435 | D:7      | Killed Pikel
  7437 | D:7      | Killed Prince Ribbit
  7441 | D:7      | Noticed a smoke demon
  7536 | D:8      | Noticed Gastronok
  7624 | D:8      | Banished Gastronok
  7625 | D:8      | Gained mutation: Spells you cast may paralyse nearby
                  | enemies. [demonic ancestry]
  7625 | D:8      | Reached XP level 10. HP: 77/77 MP: 10/15
  7657 | D:8      | Reached skill level 8 in Invocations
  7719 | D:7      | Learned a level 3 spell: Swiftness
  7766 | D:8      | Learned a level 4 spell: Airstrike
  7805 | D:8      | Noticed Maggie
  7806 | D:8      | Banished Maggie
  7809 | D:8      | Noticed Psyche
  7810 | D:8      | Banished Psyche
  7988 | D:8      | Paralysed by a hornet for 3 turns
  9050 | D:9      | Found a staircase to the Orcish Mines.
  9153 | D:9      | Gained mutation: You have an unnaturally thin skeletal
                  | structure. (Dex +6, Stealth+++) [demonic ancestry]
  9153 | D:9      | Reached XP level 11. HP: 84/84 MP: 17/17
  9168 | D:9      | Reached skill level 9 in Invocations
  9646 | D:10     | Entered Level 10 of the Dungeon
  9911 | D:10     | Reached skill level 5 in Evocations
 10044 | D:10     | Found a broken altar of Ashenzari.
 10089 | D:10     | Found an ancient bone altar of Kikubaaqudgha.
 10406 | D:10     | Found a shimmering blue altar of Sif Muna.
 10547 | D:11     | Noticed Grum
 10547 | D:11     | Noticed a two-headed ogre
 10556 | D:11     | Corrupted D:11
 10556 | D:11     | Noticed a starcursed mass
 10556 | D:11     | Noticed a tentacled starspawn
 10556 | D:11     | Noticed a large abomination
 10556 | D:11     | Noticed a tentacled starspawn
 10556 | D:11     | Noticed a sixfirhy
 10557 | D:11     | Killed Grum
 10557 | D:11     | Killed a two-headed ogre
 10562 | D:11     | Noticed a thrashing horror
 10588 | D:11     | Killed a bog body
 10639 | D:11     | Noticed a large abomination
 10643 | D:11     | Noticed a thrashing horror
 10804 | D:11     | Reached skill level 5 in Long Blades
 10896 | D:11     | Noticed a six-headed hydra
 10902 | D:11     | Banished a six-headed hydra
 11016 | D:11     | Found a staircase to the Lair.
 11178 | D:11     | You fall into a shaft and drop 3 floors!
 11190 | D:14     | Noticed a purple ugly thing
 11249 | D:14     | Noticed a tengu warrior
 11339 | D:12     | Reached skill level 5 in Throwing
 11379 | D:12     | Reached skill level 5 in Armour
 11379 | D:12     | Reached skill level 10 in Invocations
 11461 | D:11     | Identified the +8 long sword of Impatience {spect, rElec
                  | rPois Int-3 SInv}
 11780 | Lair:1   | Entered Level 1 of the Lair of Beasts
 11864 | Lair:1   | Reached skill level 1 in Shields
 11974 | Lair:1   | Reached XP level 12. HP: 79/93 MP: 19/19
 12005 | Lair:1   | Found a transporter.
 12006 | Lair:1   | Found a transporter.
 12006 | Lair:1   | Noticed a boulder beetle
 12039 | Lair:1   | Noticed Amaemon
 12047 | Lair:1   | Banished Amaemon
 12327 | Lair:1   | Noticed an eight-headed hydra
 12329 | Lair:1   | Banished an eight-headed hydra
 12587 | Lair:2   | Found a bloodstained altar of Trog.
 12684 | Lair:2   | Found a staircase to the Snake Pit.
 12719 | Lair:2   | Found a staircase to the Shoals.
 12828 | Lair:2   | You fall into a shaft and drop 1 floor!
 12849 | Lair:3   | Reached skill level 5 in Ranged Weapons
 12873 | Lair:3   | Got the Directory of Vexing Orientation
 13209 | Lair:3   | Reached skill level 11 in Invocations
 13443 | Lair:3   | Noticed a seven-headed hydra
 13444 | Lair:3   | Banished a seven-headed hydra
 13609 | Lair:2   | Noticed a six-headed hydra
 13622 | Lair:2   | Banished a six-headed hydra
 13764 | Lair:2   | Noticed an eight-headed hydra
 13767 | Lair:2   | Killed an eight-headed hydra
 13872 | Lair:2   | Reached XP level 13. HP: 103/103 MP: 21/21
 13894 | Lair:2   | Reached skill level 10 in Fighting
 14378 | Lair:3   | Reached skill level 5 in Dodging
 14391 | Lair:4   | Corrupted Lair:4
 14391 | Lair:4   | Noticed a cyan very ugly thing
 14406 | Lair:4   | Noticed a tentacled starspawn
 15052 | Lair:5   | Entered Level 5 of the Lair of Beasts
 15171 | Lair:5   | Noticed Snorg
 15181 | Lair:5   | Killed Snorg
 15618 | Lair:5   | Reached skill level 12 in Invocations
 15701 | Lair:5   | Found a staircase to the Slime Pits.
 15701 | Lair:5   | Found a viscous altar of Jiyva.
 15752 | Lair:5   | Gained mutation: You are mostly covered in sharp spines.
                  | [demonic ancestry]
 15752 | Lair:5   | Reached XP level 14. HP: 110/111 MP: 23/23
 16493 | D:12     | Noticed Nergalle
 16500 | D:12     | Banished Nergalle
 16592 | D:12     | Found Qupaisk's Antique Weapon Shoppe.
 16624 | D:12     | Found Jofymapt's Distillery.
 16633 | D:12     | Bought a potion of curing for 33 gold pieces
 16633 | D:12     | Bought a potion of invisibility for 88 gold pieces
 16633 | D:12     | Bought a potion of might for 44 gold pieces
 16633 | D:12     | Bought a potion of might for 44 gold pieces
 16633 | D:12     | Bought a potion of curing for 33 gold pieces
 16633 | D:12     | Bought a potion of flight for 33 gold pieces
 16633 | D:12     | Bought a potion of attraction for 33 gold pieces
 17490 | D:13     | Found a gate to the Vaults.
 17638 | D:13     | Identified the +8 spear "Ceextae" {vorpal, rElec Will- MP+9
                  | Int+3}
 18244 | D:14     | Found a transporter.
 18249 | D:14     | Found a transporter.
 18289 | D:14     | Found a transporter.
 18295 | D:14     | Found a transporter.
 18382 | D:14     | Found a transporter.
 18386 | D:14     | Found a transporter.
 18686 | D:14     | Reached skill level 13 in Invocations
 18933 | D:15     | Entered Level 15 of the Dungeon
 19111 | D:15     | Gained mutation: Spells you cast and wands you use may
                  | paralyse nearby enemies. [demonic ancestry]
 19111 | D:15     | Reached XP level 15. HP: 108/120 MP: 24/24
 19261 | D:15     | Noticed Azrael
 19627 | D:15     | Found a portal to a secret trove of treasure.
 19865 | D:15     | Found a staircase to the Depths.
 19915 | D:15     | Reached skill level 10 in Long Blades
 19921 | D:15     | Banished Azrael
 20257 | D:15     | Reached skill level 5 in Air Magic
 20824 | Snake:1  | Entered Level 1 of the Snake Pit
 20825 | Snake:1  | Corrupted Snake:1
 20828 | Snake:1  | Noticed Donald
 20838 | Snake:1  | Noticed a tentacled starspawn
 20839 | Snake:1  | Killed Donald
 20903 | Snake:1  | Noticed a tentacled starspawn
 21017 | Snake:1  | Reached skill level 10 in Evocations
 21051 | Snake:1  | Noticed Aizul
 21078 | Snake:1  | Killed Aizul
 21494 | Snake:2  | Noticed Louise
 21494 | Snake:2  | Noticed a nagaraja
 21495 | Snake:2  | Corrupted Snake:2
 21495 | Snake:2  | Noticed a tentacled starspawn
 21495 | Snake:2  | Noticed a bone dragon
 21495 | Snake:2  | Noticed a tentacled starspawn
 21495 | Snake:2  | Noticed a lich
 21496 | Snake:2  | Noticed a lich
 21497 | Snake:2  | Killed Louise
 21498 | Snake:2  | Killed a nagaraja
 21502 | Snake:2  | Noticed a revenant
 21535 | Snake:2  | Killed Mlioglotl
 21554 | Snake:2  | Noticed an Executioner
 21557 | Snake:2  | Noticed a tentacled starspawn
 21609 | Snake:2  | Killed a nagaraja
 23097 | Snake:3  | Found a broken altar of Ashenzari.
 23138 | Snake:3  | Found Affodott's Weapon Shop.
 23142 | Snake:3  | Bought the +9 battleaxe "Ciytaboj" {vorpal, Int+3} for 748
                  | gold pieces
 23199 | Snake:3  | Reached skill level 14 in Invocations
 23250 | Snake:3  | Reached skill level 5 in Shields
 25320 | Snake:4  | Entered Level 4 of the Snake Pit
 25321 | Snake:4  | Corrupted Snake:4
 25333 | Snake:4  | Noticed a tentacled starspawn
 25340 | Snake:4  | Noticed a revenant
 25372 | Snake:4  | Killed a nagaraja
 25383 | Snake:4  | Killed a nagaraja
 25489 | Snake:4  | Identified the +9 mace "Fyackoum" {protect, rPois}
 25605 | Snake:4  | Gained mutation: You have a tail ending in a sharp stinger.
                  | [demonic ancestry]
 25605 | Snake:4  | Reached XP level 16. HP: 130/130 MP: 24/26
 25818 | Snake:4  | Found a burning altar of Makhleb.
 26448 | Snake:4  | Reached skill level 5 in Axes
 26970 | Snake:4  | Mangled by a naga warrior

Illustrated notes

Levels and vault maps discovered:
D:1:      saegor_arrival_simple_a, layout_basic, serial_shops,
          nicolae_lakefront_shop, ebering_ecumenical_altar_abandoned,
          minmay_pentomino_u4
D:2:      layout_loops_ring, dk_noncrumbling_2, reono_crystal_passage
D:3:      layout_basic, uniq_grinder
D:4:      layout_cave_pods, uniq_natasha, uniq_sigmund
D:5:      layout_loops_corners, nicolae_qazlal_general_emergency,
          minmay_temple_entry_arrows, hellmonk_bongcloud_opening,
          corexii_leaking_fountain, grunt_decor_fettered,
          hangedman_minor_gate_pass
D:6:      layout_basic, serial_shops, nicolae_shop_stone,
          minmay_misc_feat_rugged, st_stairs_5, uniq_edmund
D:7:      layout_basic, chei_slow_surprise, xom_confusion_cloud,
          riverfiend_overflow_shadow_ancestor, minmay_crystal_room, uniq_pikel,
          uniq_prince_ribbit1
D:8:      layout_basic, uniq_gastronok, uniq_psyche, uniq_maggie
D:9:      layout_basic, hiddenorc1_lemuel, fountainhead,
          hangedman_decor_peaks_small, dk_noncrumbling_3
D:10:     layout_loops_ring, led_sif_book, kennysheep_little_box,
          mainiacjoe_overflow_surrounded_room, amcnicky_mini_pool_small,
          st_stairs_7, minmay_misc_feat_chi
D:11:     dreamdust_isle_of_ice, layout_gridville, lair_entry_dummy,
          due_unseen_surprise, uniq_grum
D:12:     layout_rooms, serial_shops, shop, nicolae_shop_advertising_works
          [nicolae_subvault_shop_adworks], minivault_22, uniq_nergalle
D:13:     layout_irregular_city, grunt_vaults_entry_tiered, serial_rivers,
          chequers_serial_rivers_micro_d, chequers_serial_rivers_micro_d,
          chequers_serial_rivers_micro_d, chequers_serial_rivers_small_b,
          chequers_serial_rivers_room_a, chequers_serial_rivers_room_b
D:14:     layout_irregular_city, infiniplex_staircase_pillars_3a,
          serial_nicolae_subway, nicolae_sub_station_metal,
          nicolae_sub_station_stone, nicolae_sub_station_crystal
D:15:     grunt_enter_depths_snipers, layout_cave_pods,
          nicolae_trove_entry_path_of_doom, uniq_azrael
Lair:1:   gammafunk_boulding_lane, layout_cave_shapes, uniq_amaemon
Lair:2:   layout_chaotic_city, minmay_shoals_entry_beasts,
          guppyfry_snake_entry_garden, basic_altar, beast_lair_carwin_1
Lair:3:   layout_chaotic_city, infiniplex_staircase_pool_2
Lair:4:   layout_gridlike
Lair:5:   guppyfry_lair_end_dragon, layout_misc_corridors, wormcave,
          slime_entry_1, lemuel_fruit_tree, grunt_megastairs_4, uniq_snorg
Snake:1:  cheibrodos_snake_ritualist_ritual, layout_rooms, serial_bayou_shore_a,
          uniq_aizul, uniq_donald
Snake:2:  layout_rooms, uniq_louise, uniq_mlioglotl
Snake:3:  layout_chambers, basic_altar, grunt_megastairs_2, minmay_shop_star
Snake:4:  grunt_snake_rune_pools, layout_grid_maze, basic_altar

Skill      XL: |  1  2  3  4  5  6  7  8  9 10 11 12 13 14 15 16 |
---------------+-------------------------------------------------+-----
Dodging        | 1 3 4 5 6 7 |  7.8
Axes           | 2 3 4 5 |  5.1
Invocations    | 3 4 6 7 8 10 11 12 13 14 | 14.4
Armour         | 2 3 4 5 6 7 8 9 |  9.1
Conjurations   | 1 2 3 |  3.3
Air Magic      | 1 2 3 4 5 |  5.1
Spellcasting   | 1 2 3 |  3.1
Fighting       | 4 5 6 7 8 9 10 12 13 | 13.3
Throwing       | 1 2 4 5 6 |  6.4
Ranged Weapons | 1 2 3 4 5 |  5.7
Evocations     | 2 4 6 7 8 9 10 | 10.1
Long Blades    | 1 3 4 6 7 8 9 10 11 | 11.1
Shields        | 1 3 5 |  5.6
Short Blades   | |  0.8
Stealth        | |  0.8

Action                   |  1- 3 |  4- 6 |  7- 9 | 10-12 | 13-15 | 16-18 || total
-------------------------+-------+-------+-------+-------+-------+-------++-------
Melee: Hand axe          |    54 |    21 |       |       |       |       ||    75
       War axe           |    55 |    36 |    43 |       |       |       ||   134
       Tailslap          |     1 |     5 |    20 |    69 |   143 |    20 ||   258
       Punch             |       |     3 |       |       |       |       ||     3
       Dagger            |       |       |    19 |       |       |       ||    19
       Staff             |       |       |     5 |       |       |       ||     5
       Scimitar          |       |       |    68 |   249 |       |       ||   317
       Long sword        |       |       |       |   130 |   617 |   103 ||   850
       Battleaxe         |       |       |       |       |    11 |       ||    11
 Fire: Sling             |       |    27 |    32 |    42 |     6 |       ||   107
Throw: Dart              |     9 |     7 |       |     4 |    27 |       ||    47
       Boomerang         |       |       |    17 |    94 |    98 |    31 ||   240
       Throwing net      |       |       |       |     3 |     8 |       ||    11
       Javelin           |       |       |       |       |     8 |       ||     8
 Cast: Shock             |    24 |    39 |    19 |     8 |       |       ||    90
Invok: Bend Space        |     2 |    10 |     9 |    19 |    40 |    14 ||    94
       Banish            |       |       |     5 |    15 |    13 |     1 ||    34
       Corrupt           |       |       |     1 |     1 |     4 |       ||     6
Evoke: Wand              |       |       |    21 |    51 |    36 |       ||   108
       Tin of tremorston |       |       |       |     3 |     7 |       ||    10
  Use: Potion            |     3 |     5 |     5 |     8 |    20 |     4 ||    45
       Scroll            |     2 |     5 |    12 |    16 |    19 |     4 ||    58
 Stab: Sleeping          |     2 |       |     1 |     1 |       |       ||     4
       Paralysed         |       |       |       |     6 |     1 |       ||     7
       Held in net/web   |       |       |       |     5 |       |       ||     5
       Distracted        |       |       |       |     7 |    16 |       ||    23
       Betrayed ally     |       |       |       |     1 |       |       ||     1
       Invisible         |       |       |       |       |     2 |       ||     2
Armor: Leather armour    |    38 |    25 |     6 |       |       |       ||    69
       Skin              |       |     8 |       |       |       |       ||     8
       Chain mail        |       |       |    90 |   197 |    33 |       ||   320
       Steam dragon scal |       |       |       |     1 |       |       ||     1
       Plate armour      |       |       |       |       |   257 |    45 ||   302
Dodge: Dodged            |    69 |    25 |    51 |   167 |   169 |    49 ||   530
Block: Buckler           |       |     2 |    53 |    79 |    24 |       ||   158
       Kite shield       |       |       |       |       |   200 |    37 ||   237
       Reflection        |       |       |       |       |    40 |       ||    40
       Other             |       |       |       |       |     3 |       ||     3
       Tower shield      |       |       |       |       |       |    24 ||    24
